 Dungeon Crawl Stone Soup version 0.23-a0-78-gc252fe1 (webtiles) character file.

9108 HallandMoats the Fighter (level 11, 0/138 HPs)
             Began as a Demonspawn Monk on Aug 10, 2018.
             Was an Elder of Okawaru.
             Killed by vampiric draining
             ... invoked by a vampire
              (3 damage)
             ... on level 11 of the Dungeon.
             The game lasted 00:21:22 (14789 turns).

HallandMoats the Fighter (Demonspawn Monk)         Turns: 14789, Time: 00:21:23

Health: 0/138      AC: 11    Str: 19    XL:     11   Next: 18%
Magic:  10/11      EV: 22    Int: 12    God:    Okawaru [****..]
Gold:   687        SH:  0    Dex: 21    Spells: 10/10 levels left

rFire    + . .     SeeInvis +   f - +1 short sword (drain)
rCold    + . .     Gourm    .   (no shield)
rNeg     . . .     Faith    .   b - +0 leather armour
rPois    .         Spirit   .   g - +2 hat
rElec    .         Reflect  .   w - scarf {rC+ rF+}
rCorr    .         Harm     .   x - +0 pair of gloves
MR       ++...     Clarity  +   h - +1 pair of boots
Stlth    ..........             E - amulet of rage
HPRegen  0.33/turn              D - ring of protection from magic
MPRegen  0.12/turn              t - ring of see invisible

@: agile, berserking (expiring), very quick
A: talons 1, molten scales 1, clarity, magic resistance 1, nightstalker 2, spiny
2, evolution 1
a: Heroism, Renounce Religion, Evoke Berserk Rage


You were on level 11 of the Dungeon.
You worshipped Okawaru.
Okawaru was greatly pleased with you.
You were near starving.

You visited 2 branches of the dungeon, and saw 12 of its levels.
You also visited: Sewer.

You collected 687 gold pieces.

Inventory:

Hand Weapons
 a - a +0 mace
 f - a +1 short sword of draining (weapon)
Armour
 b - a +0 leather armour (worn)
 g - a +2 hat (worn)
 h - a +1 pair of boots (worn)
 w - a scarf of resistance (worn)
 x - a +0 pair of gloves (worn)
 y - a +0 cloak
Jewellery
 t - a ring of see invisible (right hand)
 D - a ring of protection from magic (left hand)
 E - an amulet of rage (around neck)
 G - an uncursed ring of wizardry
 L - an uncursed ring of protection from fire
Wands
 u - a wand of polymorph (17)
 C - a wand of flame (31)
 F - a wand of random effects (14)
Scrolls
 e - 9 scrolls of magic mapping
 j - 6 scrolls of teleportation
 l - a scroll of amnesia
 m - 3 scrolls of immolation
 n - 2 scrolls of enchant weapon
 o - 2 scrolls of fear
 q - 3 scrolls of blinking {unknown}
 v - 2 scrolls of enchant armour {unknown}
 z - a scroll of holy word {unknown}
 B - a scroll of remove curse
 H - 2 scrolls of fog {unknown}
 I - a scroll of identify
Potions
 d - 7 potions of curing
 i - a potion of agility
 k - a potion of resistance
 p - 5 potions of flight
 r - 2 potions of brilliance
 s - a potion of heal wounds
 A - 4 potions of degeneration {unknown}
 J - 3 potions of lignification
Comestibles
 c - 26 rations


   Skills:
 + Level 10.3 Fighting
 + Level 8.1 Maces & Flails
 + Level 5.5 Armour
 + Level 6.3 Dodging
 + Level 8.2 Stealth


You had 10 spell levels left.
You didn't know any spells.
Your spell library contained the following spells:

 Spells                   Type           Power        Failure   Level  Hunger
 Mephitic Cloud           Conj/Pois/Air  #.......     75%         3    ####...
 Venom Bolt               Conj/Pois      #.........   100%        5    ######.
 Olgreb's Toxic Radiance  Pois           #.......     98%         4    #####..
 Sting                    Conj/Pois      #...         36%         1    ##.....
 Spider Form              Tmut/Pois      #.........   75%         3    ####...
 Blade Hands              Tmut           #.........   100%        5    ######.
 Ice Form                 Ice/Tmut       #.......     98%         4    #####..
 Sticks to Snakes         Tmut           #.......     50%         2    ###....
 Beastly Appendage        Tmut           #.....       36%         1    ##.....
 Poisonous Vapours        Pois/Air       #.....       50%         2    ###....


Dungeon Overview and Level Annotations

Branches:
Dungeon (11/15)            Temple (1/1) D:7            Lair (0/6) D:10
    Orc (0/2) D:9

Altars:
Ashenzari
Cheibriados
Dithmenos
Elyvilon
Fedhas
Gozag
Hepliaklqana
Kikubaaqudgha
Makhleb
Nemelex Xobeh
Okawaru
Qazlal
Ru
Sif Muna
Trog
Uskayaw
Vehumet
Wu Jian
Xom
Yredelemnul
Zin
The Shining One

Annotations:
D:5 CougarLife's ghost, novice GnFi


Innate Abilities, Weirdness & Mutations

You have sharp toenails.
You are partially covered in molten scales. (AC +2)
You are significantly more attuned to the shadows.
You are mostly covered in sharp spines.
You possess an exceptional clarity of mind.
You are resistant to hostile enchantments. (MR+)
You evolve.


Message History

The vampire is struck by your spines. The vampire completely misses you. x2
You hit the vampire but do no damage.
The vampire is almost destroyed.
You feel like a meek peon again.
You closely miss the vampire.
The vampire is almost destroyed.
The vampire is infused with unholy energy.
* * * LOW HITPOINT WARNING * * *
The vampire draws life force from you and is healed!
You hit the vampire but do no damage.
The vampire is severely damaged.
The vampire closely misses you. The vampire completely misses you.
You closely miss the vampire.
The vampire is severely damaged.
The vampire is struck by your spines. The vampire completely misses you.
The vampire closely misses you.
You hit the vampire but do no damage.
The vampire is severely damaged.
The vampire is infused with unholy energy.
You die...

..........# #.....#########
.####'##..# #..............
.#.....#..#########..............
.#.....#.........................
.#.....##........##########'##...
.#......#...######.......[...# ..
.'......#...#................#
.#.....†#...#................####
.##'#####...#..V@................
..... ....#........########....
..... ###......#......####. .....
#......#.........#. .####
#......+.........#. .#
#......#.........#. .#
####...#.........#. .#
#...#.........#. .#
####...#.........÷÷


You could see a vampire (invisible).

Vanquished Creatures
  A two-headed ogre (D:9)
  Nergalle (D:11)
  An ugly thing (D:11)
  A manticore (D:11)
  A troll (D:9)
  A hippogriff (D:7)
  A wyvern (D:8)
  5 yaks (D:11)
  A wraith (D:11)
  Menkaure (D:5)
  An acid dragon (D:11)
  Duvessa (D:5)
  3 orc warriors
  3 ice beasts
  7 sky beasts
  A black bear (D:9)
  4 eyes of draining
  A necrophage (D:11)
  An ogre (D:9)
  A centaur (D:6)
  7 big kobolds
  Blork the orc (D:4)
  8 bullfrogs
  A gnoll sergeant (D:5)
  Dowan (D:5)
  5 scorpions
  8 wights
  An electric eel (D:10)
  7 crimson imps
  4 howler monkeys
  A bullfrog zombie (D:9)
  4 jellies
  A gnoll shaman (D:10)
  7 orc priests
  A centaur skeleton (D:11)
  7 hounds
  An orc wizard (D:11)
  3 iguanas
  Crazy Yiuf (D:3)
  A killer bee zombie (D:9)
  3 worker ants
  A hound skeleton (D:10)
  A worker ant zombie (D:9)
  11 gnolls
  14 adders
  5 shadow imps
  3 oozes
  2 adder zombies
  A worm (D:3)
  6 dart slugs
  6 leopard geckos
  37 orcs
  12 bats
  7 giant cockroaches
  6 goblins
  6 hobgoblins
  A quokka (D:5)
  5 ball pythons
  3 frilled lizards
  33 kobolds
  10 rats
280 creatures vanquished.

Notes
Turn   | Place    | Note
-------+----------+-------------------------------------------
     0 | D:1      | HallandMoats the Demonspawn Monk began the quest for the Orb.
     0 | D:1      | Reached XP level 1. HP: 18/18 MP: 1/1
   307 | D:1      | Gained mutation: You are slightly more attuned to the shadows. [demonic ancestry]
   307 | D:1      | Reached XP level 2. HP: 18/24 MP: 2/2
   925 | D:1      | Gained mutation: You are partially covered in molten scales. (AC +2) [demonic ancestry]
   925 | D:1      | Reached XP level 3. HP: 28/30 MP: 3/3
  1601 | D:1      | Reached skill level 4 in Fighting
  1854 | D:2      | Gained mutation: You are partially covered in sharp spines. [demonic ancestry]
  1854 | D:2      | Reached XP level 4. HP: 29/37 MP: 4/4
  2352 | D:2      | Reached XP level 5. HP: 28/43 MP: 5/5
  3027 | D:3      | Found a glowing drain.
  3035 | Sewer    | Entered a sewer
  3063 | Sewer    | Reached skill level 5 in Fighting
  3234 | Sewer    | Reached XP level 6. HP: 22/51 MP: 6/6
  3546 | Sewer    | Reached skill level 6 in Fighting
  3782 | D:3      | Found a runed door.
  4235 | D:3      | Gained mutation: You are significantly more attuned to the shadows. [demonic ancestry]
  4235 | D:3      | Reached XP level 7. HP: 58/58 MP: 7/7
  4693 | D:3      | Noticed Crazy Yiuf
  4700 | D:3      | Killed Crazy Yiuf
  4931 | D:4      | Found a white marble altar of Elyvilon.
  4939 | D:4      | Noticed Blork the orc
  4958 | D:4      | Killed Blork the orc
  5229 | D:4      | Found a bloodstained altar of Trog.
  5263 | D:4      | Reached skill level 7 in Fighting
  5764 | D:4      | Found a sacrificial altar of Ru.
  5841 | D:4      | Reached skill level 5 in Maces & Flails
  5930 | D:5      | Entered Level 5 of the Dungeon
  5937 | D:5      | Gained mutation: You are mostly covered in sharp spines. [demonic ancestry]
  5937 | D:5      | Reached XP level 8. HP: 67/67 MP: 8/8
  6055 | D:5      | Noticed Menkaure
  6063 | D:5      | Killed Menkaure
  6259 | D:5      | Found a sparkling altar of Nemelex Xobeh.
  6343 | D:5      | Found a blossoming altar of Fedhas.
  6471 | D:5      | Noticed Duvessa
  6473 | D:5      | Noticed Dowan
  6483 | D:5      | Killed Duvessa
  6483 | D:5      | Reached skill level 5 in Stealth
  6494 | D:5      | Killed Dowan
  6494 | D:5      | Reached skill level 8 in Fighting
  6882 | D:5      | Found a bloodstained altar of Trog.
  6929 | D:5      | Found a runed door.
  6933 | D:5      | Noticed CougarLife's ghost (novice GnFi)
  7647 | D:6      | Reached skill level 1 in Armour
  7782 | D:6      | Found a glowing golden altar of the Shining One.
  8153 | D:5      | Gained mutation: You have sharp toenails. [demonic ancestry]
  8153 | D:5      | Reached XP level 9. HP: 61/75 MP: 9/9
  8429 | D:7      | Found a glowing silver altar of Zin.
  9084 | D:7      | Found a staircase to the Ecumenical Temple.
  9288 | Temple   | Entered the Ecumenical Temple
  9538 | Temple   | Became a worshipper of Warmaster Okawaru
  9538 | Temple   | Reached * piety under Okawaru
  9538 | Temple   | Reached ** piety under Okawaru
  9884 | D:8      | Reached skill level 9 in Fighting
 10631 | D:8      | You fall through a shaft!
 10651 | D:9      | Noticed a troll
 10658 | D:9      | Killed a troll
 10742 | D:8      | Reached *** piety under Okawaru
 11215 | D:9      | Reached XP level 10. HP: 81/83 MP: 10/10
 11506 | D:9      | Noticed a two-headed ogre
 11511 | D:9      | Killed a two-headed ogre
 11511 | D:9      | Reached **** piety under Okawaru
 11511 | D:9      | Reached skill level 5 in Dodging
 11954 | D:9      | Found a staircase to the Orcish Mines.
 12041 | D:10     | Entered Level 10 of the Dungeon
 12093 | D:10     | Found a staircase to the Lair.
 12432 | D:10     | Gained mutation: You are resistant to hostile enchantments. (MR+) [potion of mutation]
 12432 | D:10     | Gained mutation: You possess an exceptional clarity of mind. [potion of mutation]
 12432 | D:10     | Gained mutation: You evolve. [potion of mutation]
 13620 | D:11     | Noticed Nergalle
 13634 | D:11     | Noticed a spectral orc warlord
 13638 | D:11     | Killed Nergalle
 13638 | D:11     | Reached skill level 10 in Fighting
 13638 | D:11     | Reached skill level 5 in Armour
 14081 | D:11     | Noticed a green ugly thing
 14261 | D:11     | Killed a green ugly thing
 14261 | D:11     | Reached XP level 11. HP: 89/89 MP: 9/11
 14786 | D:11     | HP: 3/138 [vampire/vampiric draining (16)]
 14789 | D:11     | Killed from afar by a vampire

Vault maps used:
D:1:      onia_arrival_mini_maze_b
D:3:      cheibrodos_old_hovel, cheibrodos_sewer_entry_sluice,
          uniq_crazy_yiuf_cottage
D:4:      nicolae_ru_awakened_eye, overflow_temple_1_default,
          trog_eyes_of_draining, uniq_blork_the_orc
D:5:      lemuel_crystal_altar, overflow_temple_1_default, kennysheep_mini_moat,
          ebering_ghost_reflecting_pool, first_ration, corexii_hall_statues_l,
          uniq_menkaure, uniq_duvessa
D:6:      tso_metal_star
D:7:      nicolae_overflow_crystal_walls, minmay_temple_entry_fiery
D:9:      orc_0_dummy
D:10:     lair_entry_dummy, blue_anna_alchemist, kennysheep_diamond,
          nicolae_straight_to_the_point
D:11:     nicolae_trove_entry_columns, uniq_nergalle
Temple:   regret_index_temple_generic_petals
Sewer:    kennysheep_pipe_town

Skill      XL: |  1  2  3  4  5  6  7  8  9 10 11 |
---------------+----------------------------------+-----
Maces & Flails | 3 4 5 6 7 8 |  8.1
Fighting       | 4 5 6 7 8 9 10 | 10.3
Stealth        | 2 3 4 5 6 8 |  8.2
Dodging        | 3 4 6 |  6.3
Armour         | 1 3 5 |  5.5

Action                   |  1- 3 |  4- 6 |  7- 9 | 10-12 || total
-------------------------+-------+-------+-------+-------++-------
Melee: Mace              |    30 |       |       |       ||    30
       Dagger            |   175 |   162 |    12 |       ||   349
       Short sword       |       |       |   268 |   274 ||   542
       Kick              |       |       |    38 |    64 ||   102
       Punch             |       |       |       |     1 ||     1
Invok: Heroism           |       |       |     2 |     6 ||     8
 Abil: Evoke Berserk Rag |       |       |       |     1 ||     1
  Use: Potion            |     2 |       |     3 |     7 ||    12
       Scroll            |       |    13 |     2 |     5 ||    20
 Stab: Sleeping          |     7 |     9 |    26 |    20 ||    62
  Eat: Chunk             |     1 |     6 |    18 |     8 ||    33
       Ration            |     1 |       |     1 |     1 ||     3
Armor: Robe              |    29 |       |       |       ||    29
       Leather armour    |    46 |    77 |    67 |    71 ||   261
Dodge: Dodged            |   135 |    98 |   159 |   233 ||   625

Table legend:
 A = Non-vault XP
 B = Vault XP
 C = Vault XP percentage of total XP
 D = Non-vault monster count
 E = Vault monster count
 F = Vault count percentage of total count
 G = Total turns spent on level
                 A         B        C        D         E       F
            +---------+---------+-------+---------+---------+-------
      Total |   10732 |    2280 |  17.5 |     241 |      39 |  13.9
            +---------+---------+-------+---------+---------+-------
        D:1 |      84 |       0 |   0.0 |      27 |       0 |   0.0
        D:2 |     153 |       0 |   0.0 |      27 |       0 |   0.0
        D:3 |      60 |      40 |  40.0 |      18 |       4 |  18.2
        D:4 |     123 |     481 |  79.6 |       6 |       6 |  50.0
        D:5 |     288 |     398 |  58.0 |       9 |       3 |  25.0
        D:6 |     794 |       0 |   0.0 |      15 |       0 |   0.0
        D:7 |     713 |       0 |   0.0 |      20 |       0 |   0.0
        D:8 |    1533 |       0 |   0.0 |      24 |       0 |   0.0
        D:9 |    2408 |       0 |   0.0 |      41 |       0 |   0.0
       D:10 |    1260 |      97 |   7.1 |      28 |       1 |   3.4
       D:11 |    3316 |     828 |  20.0 |      26 |       1 |   3.7
      Sewer |       0 |     436 | 100.0 |       0 |      24 | 100.0
            +---------+---------+-------+---------+---------+-------
